 Dungeon Crawl Stone Soup version 0.30-a0-824-g6c64550be9 (webtiles) character file.

Game seed: 16784979745325957919

6 Pimp the Trooper (level 1, 0/18 HPs)
             Began as a Demonspawn Berserker on Feb 27, 2023.
             Was a Follower of Trog.
             Slain by a ball python (2 damage)
             ... on level 1 of the Dungeon.
             The game lasted 00:00:15 (86 turns).

Pimp the Trooper (Demonspawn Berserker)               Turns: 86, Time: 00:00:16

Health: 0/18       AC:  2    Str: 17    XL:     1   Next: 75%
Magic:  1/1        EV:  9    Int:  8    God:    Trog [*.....]
Gold:   9          SH:  0    Dex: 12    Spells: 0/0 levels left

rFire   . . .      SeeInvis .    a - +0 hand axe
rCold   . . .      Faith    .    (no shield)
rNeg    . . .      Spirit   .    b - +0 animal skin
rPois   .          Reflect  .    (no helmet)
rElec   .          Harm     .    (no cloak)
rCorr   .          Rampage  .    (no gloves)
Will    .....                    (no boots)
Stlth   +                        (no amulet)
HPRegen 0.23/turn                (no ring)
MPRegen 0.07/turn                (no ring)

@: constricted
A: no striking features
a: Renounce Religion, Berserk


You were on level 1 of the Dungeon.
You worshipped Trog.
Trog was aware of your devotion.
You visited 1 branch of the dungeon, and saw 1 of its levels.

You collected 9 gold pieces.

Inventory:

Hand Weapons
 a - a +0 hand axe (weapon)
Armour
 b - a +0 animal skin (worn)


   Skills:
 + Level 3.1 Fighting
 + Level 2.8 Axes
 + Level 1.9 Armour
 + Level 1.9 Dodging


You couldn't memorise any spells.
You didn't know any spells.
Your spell library was empty.

Dungeon Overview and Level Annotations

Branches:
Dungeon (1/15)

Altars:


Message History

You closely miss the jackal. The ball python bites you.
* * * LOW HITPOINT WARNING * * *
The ball python constricts you.
* * * LOW HITPOINT WARNING * * *
The jackal misses you. The ball python bites you.
* * * LOW HITPOINT WARNING * * *
The ball python constricts you.
You closely miss the jackal. You barely miss the ball python.
The jackal bites you but does no damage.
The ball python barely misses you. The ball python constricts you.
* * * LOW HITPOINT WARNING * * *
The jackal barely misses you.
You escape the ball python's grasp.
You see here a jackal corpse.
You hit the jackal.
The jackal is heavily wounded.
You barely miss the ball python. The jackal closely misses you.
The ball python closely misses you. x2
The jackal bites you but does no damage.
You hit the jackal but do no damage.
The jackal is heavily wounded.
You hit the ball python. The ball python barely misses you.
The ball python grabs you. The ball python constricts you.
The jackal bites you but does no damage.
The ball python bites you but does no damage.
The ball python constricts you. The jackal misses you.
You hit the jackal.
You kill the jackal!
Trog accepts your kill.
You closely miss the ball python.
The ball python bites you but does no damage.
The ball python constricts you.
You closely miss the ball python.
The ball python is heavily wounded.
The ball python misses you. The ball python constricts you.
You barely miss the ball python.
The ball python is heavily wounded.
The ball python closely misses you. The ball python constricts you.
The ball python bites you.
You die...

#......# #.....^
#.....## ......
#....##.. #....##..
#....##.. #.†S.##.#
#.@..##.# #....##.#
####....##.######## #
..................#.#
..##.######).##.....#
.. #.######..##.....#
. #.#.......)......#
#.#.####..##.....#
#.# #..# ....#


You could see a ball python.

Vanquished Creatures
  An endoplasm (D:1)
  2 jackals (D:1)
  2 kobolds (D:1)
5 creatures vanquished.

Notes
Turn   | Place    | Note
-------+----------+-------------------------------------------
     0 | D:1      | Pimp the Demonspawn Berserker began the quest for the Orb.
     0 | D:1      | Reached XP level 1. HP: 18/18 MP: 1/1
    86 | D:1      | Slain by a ball python

Illustrated notes

Levels and vault maps discovered:
D:1:      mainiacjoe_arrival_reflecting_pool, layout_basic, moated_statue

Action                     || total
---------------------------++-------
  Melee: Hand axe          ||    24
 Armour: Animal skin       ||    11
  Dodge: Dodged            ||    31

Table legend: (Time is in decaauts)
 A = Elapsed time spent in this place.
 B = Non-inter-level travel time spent in this place.
 C = Inter-level travel time spent in this place.
 D = Time resting spent in this place.
 E = Time spent auto-exploring this place.
 F = Levels seen in this place.
 G = Mean time per level.
                   A        B        C        D        E       F      G
               +--------+--------+--------+--------+--------+-----+--------+
         Total |     89 |     89 |      0 |      0 |     51 |   1 |   89.0 |
       Dungeon |     89 |     89 |      0 |      0 |     51 |   1 |   89.0 |
               +--------+--------+--------+--------+--------+-----+--------+

Top non-repeatable levels by time:
     D:1: 89 daAuts
